 Dungeon Crawl Stone Soup version 0.31-a0-1009-g454b1f1e0a (webtiles) character file.

Game seed: 894182552368183898

111 kae the Vexing (level 4, -3/30 HPs)
             Began as a Demonspawn Enchanter on Nov 14, 2023.
             Slain by a gnoll
             ... wielding a +0 spear
              (4 damage)
             ... on level 2 of the Dungeon.
             The game lasted 00:02:28 (2140 turns).

kae the Vexing (Demonspawn Enchanter)               Turns: 2140, Time: 00:02:28

Health: -3/30      AC:  2    Str:  9 (10) XL:     4   Next: 62%
Magic:  1/7        EV: 12    Int: 16 (17) God:
Gold:   102        SH:  0    Dex: 11 (13) Spells: 5/7 levels left

rFire   . . .        k - +1 dagger (speed)
rCold   . . .        (no shield)
rNeg    . . .        b - +0 robe
rPois   .            (helmet restricted)
rElec   .            (no cloak)
rCorr   .            (no gloves)
SInv    .            (no boots)
Will    +....        (no amulet)
Stlth   ++           g - ring of willpower
HPRegen 0.25/turn    (no ring)
MPRegen 0.10/turn

%: no passive effects
@: about to teleport
A: antennae 1, demonic guardian 1
a: no special abilities


You were on level 2 of the Dungeon.
You visited 1 branch of the dungeon, and saw 3 of its levels.

You collected 102 gold pieces.


Innate Abilities, Weirdness & Mutations

You have a pair of small antennae on your head.
A weak demonic guardian rushes to your aid.


   Skills:
 * Level 2.0 Short Blades
 - Level 1.7 Dodging
 + Level 3.1 Stealth
 + Level 2.4 Spellcasting
 * Level 3.8 Hexes
 * Level 1.5 Ice Magic


You had 5 spell levels left.
You knew the following spells:

 Your Spells              Type           Power      Damage    Failure   Level
a - Ensorcelled Hibernat  Hex/Ice        20%        N/A       10%         2

Your spell library contained the following spells:

 Spells                   Type           Power      Damage    Failure   Level
 Confusing Touch          Hex            14%        N/A       12%         3
 Tukima's Dance           Hex            14%        N/A       12%         3
 Magic Dart               Conj           4%         1d3       21%         1
 Dazzling Flash           Conj/Hex       16%        N/A       26%         3
 Call Imp                 Summ           2%         N/A       30%         2
 Static Discharge         Conj/Air       2%         3-4/arc   30%         2
 Mephitic Cloud           Conj/Pois/Air  1%         N/A       52%         3
 Airstrike                Air            0%         2d(1-17)  89%         4
 Summon Lightning Spire   Summ/Air       1%         N/A       89%         4

Inventory:

Hand Weapons
 a - a +1 dagger
 k - a +1 dagger of speed (weapon)
   (You took it off a goblin on level 1 of the Dungeon)
Missiles
 d - 30 stones
Armour
 b - a +0 robe (worn)
Jewellery
 g - a ring of willpower (left hand)
   (You found it on level 1 of the Dungeon)
Scrolls
 f - 2 scrolls of poison {!r}
 h - 3 scrolls of teleportation {@r4}
Potions
 c - 2 potions of invisibility
 e - a potion of haste {@q3}
 j - a potion of lignification {!q}
 l - a potion of attraction {!q}

Dungeon Overview and Level Annotations

Branches:
Dungeon (3/15) Zot: 15903

Altars:

#.#.......# #.# ##.#
#.####..#####'## #..# #.# #..#
##...## #.## #.####..###.....##
#####.### #.......##.......##
#.......#
#####...#.##.........###.....#.#
...........'....5.g>.'.......#.#
.####...#.##.........###.....#.#
.# ##.##.###...@.g.## #.#.#.#.#
.# ##.....##.....## #.###.#.# .#
####.....###...######.# #.#.# .#
#........# ##.......#.###.#.# .#
#.##.....# #..####.#.......# .#
#)##.....# #..####.#####.### .#
#.######## ##..#..).......# ##
#.# ##...#.##.#######
#.#########.........#


You could see 2 gnolls and a friendly white imp (summoned).


Message History

You barely miss the bat. The bat hits you but does no damage.
Your quasit misses the bat.
Your quasit barely misses the bat.
Your quasit claws the bat.
The gnoll shouts! x2
The bat hits you. The bat hits you but does no damage.
A gnoll comes into view. It is wielding a +0 whip.
There is a stone staircase leading up here.
You barely miss the bat.
The gnoll shouts!
You completely miss the bat. The bat misses you. The bat hits you.
The bat closely misses you. 😕 HP[-1]
You take 1 damage, and now have 25/30 hp.
You closely miss the bat.
Your quasit barely misses the bat.
Your quasit claws the bat but does no damage.
Your quasit claws the bat.
The bat hits you but does no damage.
You miss the bat. The bat closely misses you.
Your quasit misses the bat.
Your quasit closely misses the bat.
Your quasit misses the bat.
The bat barely misses you. 😕 HP[+1] MP[+1]
You miss the bat.
Your quasit closely misses the bat.
Your quasit barely misses the bat.
Your quasit claws the bat.
The bat dies!
You swap places.
The gnoll misses your quasit.
Casting: Ensorcelled Hibernation (safe; 10% risk of failure)
Confirm with . or Enter, or press ? or * to list all spells.
Aiming: Ensorcelled Hibernation (safe; 10% risk of failure)
Press: ? - help, Shift-Dir - straight line, f - gnoll
Aim: a gnoll, wielding a +0 spear (ally target, chance to affect: 52%)
The gnoll looks drowsy...
Your quasit bites the gnoll.
The gnoll shouts!
Your quasit claws the gnoll.
Your quasit barely misses the gnoll.
The gnoll barely misses you. 😕 MP[-2]
You lost 2 mp, and now have 2/7 mp.
You hit the gnoll. You closely miss the gnoll.
The gnoll barely misses your quasit. The gnoll barely misses you.
Your quasit barely misses the gnoll.
Your quasit claws the gnoll but does no damage.
Your quasit claws the gnoll.
The gnoll barely misses you.
You hit the gnoll.
You kill the gnoll!
Your quasit bites the gnoll but does no damage.
Your quasit barely misses the gnoll.
Your quasit claws the gnoll but does no damage. 😕 HP[+1] Unknown command.
Your quasit disappears in a puff of smoke!
There is a stone staircase leading up here.
The gnoll hits you with a +0 spear.
There is a stone staircase leading up here. 😕 HP[-4]
You take 4 damage, and now have 23/30 hp.
The gnoll barely misses you. The gnoll misses you.
You climb upwards.
There is a stone staircase leading down here. 😕 HP[+1] MP[+1]
Casting: Ensorcelled Hibernation (safe; 10% risk of failure)
Confirm with . or Enter, or press ? or * to list all spells.
Aiming: Ensorcelled Hibernation (safe; 10% risk of failure)
Press: ? - help, Shift-Dir - straight line, f - gnoll
Aim: a gnoll, wielding a +0 whip (chance to affect: 52%)
The gnoll resists with significant effort.
The gnoll barely misses you.
The gnoll hits you but does no damage. 😕 MP[-2]
You lost 2 mp, and now have 1/7 mp.
Casting: Ensorcelled Hibernation (safe; 10% risk of failure)
Confirm with . or Enter, or press ? or * to list all spells.
You don't have enough magic to cast this spell.
Okay, then.
Okay, then.
Okay, then.
You aren't carrying any items that you can evoke.
Unknown command.
Okay, then.
As you read the scroll of teleportation {@r4}, it crumbles to dust.
You feel strangely unstable. The gnoll completely misses you.
The gnoll hits you with a +0 whip. 😮 HP[-5]
You take 5 damage, and now have 19/30 hp.
Unknown command.
The gnoll hits you from afar with a +0 spear.
The gnoll hits you with a +0 whip.
* * * LOW HITPOINT WARNING * * *
😨 HP[-6]
You take 6 damage, and now have 13/30 hp.
Unknown command.
The gnoll attacks as it pursues you!
The gnoll hits you from afar with a +0 spear!
* * * LOW HITPOINT WARNING * * *
A demonic guardian appears!
The gnoll attacks as it pursues you! The gnoll hits you with a +0 whip.
* * * LOW HITPOINT WARNING * * *
😱 HP[-12]
You take 12 damage, and now have 1/30 hp.
MASSIVE DAMAGE!! (PAUSE) Unknown command.
The gnoll attacks as it pursues you!
The gnoll hits you from afar with a +0 spear.
You die...

Skill      XL: |  1  2  3  4 |
---------------+-------------+-----
Short Blades   | 1 2 |  2.0
Ice Magic      | 1 |  1.5
Stealth        | 3 |  3.1
Dodging        | |  1.7
Spellcasting   | |  2.4
Hexes          | |  3.8

Action                     |  1- 3 |  4- 6 || total
---------------------------+-------+-------++-------
  Melee: Dagger            |   144 |    51 ||   195
         Punch             |     2 |       ||     2
   Cast: Ensorcelled Hiber |     7 |     5 ||    12
    Use: Scroll            |     3 |     4 ||     7
         Potion            |     2 |       ||     2
   Stab: Sleeping          |     6 |     1 ||     7
 Armour: Robe              |    66 |    33 ||    99
  Dodge: Dodged            |    98 |    31 ||   129

Levels and vault maps discovered:
D:1:      lightli_arrival_quake, layout_rooms, hellmonk_ecumenical_altar_run_dry
D:2:      layout_loops_corners, minmay_joined_circles
D:3:      layout_basic, gammafunk_ghost_mausoleum

Notes
Turn   | Place    | Note
-------+----------+-------------------------------------------
     0 | D:1      | kae the Demonspawn Enchanter began the quest for the Orb.
     0 | D:1      | Reached XP level 1. HP: 13/13 MP: 3/3
     0 | D:1      | magus.rc [v1.11.3]
    24 | D:1      | Reached skill level 1 in Short Blades
   139 | D:1      | Gained mutation: You have a pair of small antennae on your
                  | head. [demonic ancestry]
   139 | D:1      | Reached XP level 2. HP: 16/19 MP: 5/5
   152 | D:1      | Learned a level 2 spell: Ensorcelled Hibernation
   192 | D:1      | HP: 3/19 [frozen (4)]
   341 | D:1      | Found a faded altar of an unknown god.
   376 | D:1      | HP: 1/19 [frozen (5)]
   378 | D:1      | Gained mutation: A weak demonic guardian rushes to your
                  | aid. [demonic ancestry]
   378 | D:1      | Reached XP level 3. HP: 1/24 MP: 1/6
   941 | D:2      | Reached skill level 1 in Ice Magic
  1392 | D:2      | Reached skill level 3 in Stealth
  1394 | D:2      | HP: 4/24 [adder (3)]
  1396 | D:2      | Reached XP level 4. HP: 4/30 MP: 7/7
  1544 | D:2      | HP: 7/30 [dart slug/slug dart (4)]
  1629 | D:2      | You pick up a book of Minor Magic and begin reading...
  1629 | D:2      | You add the spells Magic Dart, Call Imp and Mephitic Cloud
                  | to your library.
  1663 | D:2      | You pick up a book of Storms and begin reading...
  1663 | D:2      | You add the spells Static Discharge, Airstrike and Summon
                  | Lightning Spire to your library.
  2115 | D:3      | Reached skill level 2 in Short Blades
  2139 | D:2      | HP: 5/30 [gnoll/+0 spear (8)]
  2139 | D:2      | HP: 1/30 [gnoll/+0 whip (4)]
  2140 | D:2      | Slain by a gnoll

Vanquished Creatures
  A gnoll (D:3)
  2 adders
  2 dart slugs
  3 bats
  7 endoplasms
  2 giant cockroaches (D:1)
  A goblin (D:1)
  2 hobgoblins (D:1)
  5 jackals (D:1)
  2 quokkas
  2 ball pythons
  3 frilled lizards
  8 kobolds (D:1)
  7 rats
47 creatures vanquished.

Vanquished Creatures (collateral kills)
  2 adders (D:2)
  A worm (D:2)
  2 ball pythons (D:2)
  An endoplasm (D:2)
  A giant cockroach (D:2)
  2 hobgoblins (D:2)
  A quokka (D:2)
  A bat (D:3)
11 creatures vanquished.

Grand Total: 58 creatures vanquished

Table legend:
 A = Non-vault XP
 B = Vault XP
 C = Vault XP percentage of total XP
 D = Non-vault monster count
 E = Vault monster count
 F = Vault count percentage of total count
                 A         B        C        D         E       F
            +---------+---------+-------+---------+---------+-------
      Total |     102 |      57 |  35.8 |      46 |      12 |  20.7
            +---------+---------+-------+---------+---------+-------
        D:1 |      55 |       0 |   0.0 |      32 |       0 |   0.0
        D:2 |      17 |      57 |  77.0 |      10 |      12 |  54.5
        D:3 |      30 |       0 |   0.0 |       4 |       0 |   0.0
            +---------+---------+-------+---------+---------+-------

Skill      XL: |  1  2  3  4 |
---------------+-------------+-----
Short Blades   | 1 2 |  2.0
Ice Magic      | 1 |  1.5
Stealth        | 3 |  3.1
Dodging        | |  1.7
Spellcasting   | |  2.4
Hexes          | |  3.8

Action                     |  1- 3 |  4- 6 || total
---------------------------+-------+-------++-------
  Melee: Dagger            |   144 |    51 ||   195
         Punch             |     2 |       ||     2
   Cast: Ensorcelled Hiber |     7 |     5 ||    12
    Use: Scroll            |     3 |     4 ||     7
         Potion            |     2 |       ||     2
   Stab: Sleeping          |     6 |     1 ||     7
 Armour: Robe              |    66 |    33 ||    99
  Dodge: Dodged            |    98 |    31 ||   129

Illustrated notes

Table legend:
 A = Kills in this place as a percentage of kills in the entire game.
 B = Kills by you in this place as a percentage of kills by you in the entire game.
 C = Kills by friends in this place as a percentage of kills by friends in the entire game.
 D = Other kills in this place as a percentage of other kills in the entire game.
 E = Experience gained in this place as a percentage of experience gained in the entire game.
 F = Experience gained in this place divided by the number of levels of this place that you have seen.
                   A       B       C       D       E      F
               +-------+-------+-------+-------+-------+----------------------
         Total | 100.0 | 100.0 | 100.0 |   N/A | 100.0 |  53.0
       Dungeon | 100.0 | 100.0 | 100.0 |   N/A | 100.0 |  53.0
               +-------+-------+-------+-------+-------+----------------------

Table legend: (Time is in decaauts)
 A = Elapsed time spent in this place.
 B = Non-inter-level travel time spent in this place.
 C = Inter-level travel time spent in this place.
 D = Time resting spent in this place.
 E = Time spent auto-exploring this place.
 F = Levels seen in this place.
 G = Mean time per level.
                   A        B        C        D        E       F      G
               +--------+--------+--------+--------+--------+-----+--------+
         Total |   2095 |   2040 |     55 |     26 |   1528 |   3 |  698.3 |
       Dungeon |   2095 |   2040 |     55 |     26 |   1528 |   3 |  698.3 |
               +--------+--------+--------+--------+--------+-----+--------+

Top non-repeatable levels by time:
     D:2: 1146 daAuts
     D:1: 923 daAuts
     D:3: 25 daAuts
